AoeStats
← audi

Socotra

504717722Analyzed
2v2 RM · 27d ago on Sep 6, 2026· 32m 23s· 4 players
Game mode
Random Map
Map size
Tiny (2 player)
Population
200
Speed
Normal
Resources
Standard
Victory
Conquest
Starting age
Dark Age
Ending age
Imperial Age
RankedLock teamsTeams togetherTeam positionsShared explorationLock speedFull tech treeHidden civsTurbo modeCheats
Victory
Defeat
🇹🇷 Malians · Türkiye
1176
+14
🇹🇷 Celts · Türkiye
1148
+15
🇦🇺 Franks · Australia
1145
-15
🇦🇺 Armenians · Australia
1111
-14
audi
2:40 Loom
10:24 Feudal Age
10:56 Double-Bit Axe
11:55 Man-at-Arms
13:11 Scale Mail Armor
17:06 Arson
18:29 Town Watch
20:28 Wheelbarrow
21:15 Forging
24:53 Castle Age
24:59 Pikeman
25:55 Chain Mail Armor
25:50 Gold Mining
27:52 Long Swordsman
30:49 Iron Casting
32:49 Bow Saw
Timber
6:50 Loom
9:36 Feudal Age
10:08 Double-Bit Axe
11:07 Gold Mining
12:53 Fletching
15:35 Horse Collar
17:37 Padded Archer Armor
20:40 Scale Barding Armor
24:46 Castle Age
23:15 Bloodlines
25:59 Chain Barding Armor
26:23 Forging
26:16 Husbandry
29:12 Town Watch
32:45 Iron Casting
unnamed
6:29 Loom
9:34 Feudal Age
10:34 Man-at-Arms
11:08 Double-Bit Axe
27:25 Castle Age
27:19 Fletching
29:04 Bow Saw
29:27 Gold Mining
30:25 Bodkin Arrow
shunnyboy
7:52 Loom
10:44 Feudal Age
11:24 Double-Bit Axe
20:24 Castle Age
19:30 Gold Mining
19:58 Forging
19:56 Scale Barding Armor
21:46 Bow Saw
23:17 Husbandry
Connection lost

Rejoining the realm…

Still unreachable

The connection could not be restored.

Session expired

The server has moved on; the page needs a fresh start.